Match 45245998
Unlisted

Match 45245998
End
Construct Barracks
Selects Airborne Battlegroup
Selects Heavy Machine Gun Paradrop
Selects Smoke Bombing Run
Heavy Machine Gun Paradrop
Riflemen Squad
Heavy Machine Gun Paradrop
Construct Weapon Support Center
Riflemen Squad
Selects Supply Drop
Mechanized Support Center
Grenade Package
M1 Mortar Team
Selects Paratrooper Squad Paradrop
Engineer Squad
Heavy Machine Gun Paradrop
M4A1 76mm Conversion
Heavy Machine Gun Paradrop
Construct Tank Depot
Heavy Machine Gun Paradrop
M4A1(76) Sherman Medium Tank
Selects Carpet Bombing Run
Carpet Bombing Run
M4A1(76) Sherman Medium Tank
Designate Forward Repair Station
Selects Anti-tank Gun Team Paradrop
M4A1(76) Sherman Medium Tank
Carpet Bombing Run
M4A1(76) Sherman Medium Tank
potatoo
haiyang
treberios
grim
0
0

Comments sign in to comment!

No comments posted yet!